 Dungeon Crawl Stone Soup version 0.29.1-14-g9c671dbff4 (webtiles) character file.

Game seed: 6476387057275845167

28211 nightchill the Spear-Bearer (level 13, 0/98 HPs)
             Began as a Merfolk Fighter on Feb 14, 2023.
             Was an Elder of Hepliaklqana.
             Killed from afar by a hell hog (17 damage)
             ... with a fireball
             ... in a Gauntlet.
             The game lasted 00:38:24 (15127 turns).

nightchill the Spear-Bearer (Merfolk Fighter)      Turns: 15127, Time: 00:38:25

Health: 0/98       AC: 22    Str: 21    XL:     13   Next: 37%
Magic:  17/20      EV: 30    Int: 10    God:    Hepliaklqana [****..]
Gold:   930        SH:  0    Dex: 17    Spells: 12/12 levels left

rFire   . . .      SeeInvis .   a - +0 trident (spect)
rCold   . . .      Faith    .   N - orb {light}
rNeg    . . .      Spirit   .   M - +2 plate armour {rPois}
rPois   +          Reflect  .   V - +1 hat {Int+3}
rElec   .          Harm     .   I - +1 cloak
rCorr   .          Rampage  .   t - +0 pair of gloves {Dex+3}
Will    .....      NoTele   +   f - +2 pair of boots
Stlth   ..........              P - amulet of the acrobat
HPRegen 0.26/turn               j - +4 ring of evasion
MPRegen 0.17/turn               (no ring)

@: acrobatic, glowing, studying Transmutations
A: reduced essence, (nimble swimmer 2), mertail
a: Renounce Religion, Recall Ancestor, Ancestor Identity, Transference, Idealise


You were in a Gauntlet.
You worshipped Hepliaklqana.
Hepliaklqana was greatly pleased with you.
You visited 3 branches of the dungeon, and saw 15 of its levels.
You also visited: Bailey and Gauntlet.

You collected 930 gold pieces.

Inventory:

Hand Weapons
 a - a +0 spectral trident (weapon)
 m - a +0 sling
 D - a +0 halberd
 H - a +0 dagger
 L - a +4 halberd
Missiles
 C - a throwing net (quivered)
Armour
 c - a +0 buckler
 e - a +2 ring mail of cold resistance
 f - a +2 pair of boots (worn)
 t - a +0 pair of gloves of dexterity (worn)
 I - a +1 cloak (worn)
 M - a +2 plate armour of poison resistance (worn)
 N - an orb of light (worn)
 R - the +2 cloak of Geokus {-Tele rElec rPois rF+}
   (You found it on level 1 of the Lair of Beasts)

   rF:        It protects you from fire.
   rElec:     It insulates you from electricity.
   rPois:     It protects you from poison.
   -Tele:     It prevents most forms of teleportation.
 V - a +1 hat of intelligence (worn)
Jewellery
 j - a +4 ring of evasion (left hand)
 z - an amulet of reflection
 P - an amulet of the acrobat (around neck)
Wands
 d - a wand of flame (30)
 k - a wand of polymorph (9)
 s - a wand of paralysis (21)
 G - a wand of iceblast (25)
 W - a wand of mindburst (8)
 X - a wand of digging (6)
Scrolls
 g - a scroll of brand weapon
 o - 3 scrolls of enchant weapon {unknown}
 r - 4 scrolls of poison {unknown}
 u - 3 scrolls of fear {unknown}
 x - 4 scrolls of blinking {unknown}
 y - 4 scrolls of teleportation {unknown}
 A - a scroll of magic mapping {unknown}
 B - 2 scrolls of silence {unknown}
 F - a scroll of enchant armour {unknown}
 J - a scroll of noise {unknown}
 K - 2 scrolls of vulnerability {unknown}
 O - a scroll of summoning {unknown}
 Q - a scroll of torment {unknown}
 S - a scroll of immolation {unknown}
 Y - a scroll of acquirement {unknown}
Potions
 b - 2 potions of magic
 h - 5 potions of heal wounds
 i - 4 potions of flight
 l - a potion of brilliance
 n - 10 potions of curing
 p - 3 potions of invisibility
 q - 4 potions of lignification
 v - 5 potions of haste
 w - 2 potions of ambrosia
 E - 2 potions of cancellation
 T - a potion of attraction {unknown}
 U - a potion of berserk rage {unknown}
 Z - a potion of might


   Skills:
 + Level 12.4 Fighting
 - Level 14.0 Polearms
 * Level 5.6 Armour
 + Level 10.3 Dodging
 * Level 9.8 Shields
 - Level 10.0 Invocations


You had 12 spell levels left.
You didn't know any spells.
Your spell library contained the following spells:

 Spells                   Type           Power      Damage    Failure   Level
 Necrotise                Necr           0%         1d4       100%        1
 Ensorcelled Hibernation  Hex/Ice        0%         N/A       100%        2
 Passwall                 Tmut/Erth      0%         N/A       100%        2
 Dazzling Flash           Conj/Hex       0%         N/A       100%        3
 Swiftness                Air            0%         N/A       100%        3
 Vampiric Draining        Necr           0%         2d6       100%        3
 Summon Lightning Spire   Summ/Air       0%         N/A       100%        4
 Agony                    Necr           0%         N/A       100%        5
 Blade Hands              Tmut           0%         N/A       100%        5
 Yara's Violent Unravell  Hex/Tmut       0%         3d3       100%        5
 Conjure Ball Lightning   Conj/Air       0%         3x3d6     100%        6
 Storm Form               Tmut/Air       0%         N/A       100%        7
 Maxwell's Capacitive Co  Air            0%         ∞         100%        8


Dungeon Overview and Level Annotations

Branches:
Dungeon (10/15)            Temple (1/1) D:5            Lair (4/5) D:10
 Shoals (0/4) Lair:2        Snake (0/4) Lair:3       Bailey (visited)
Gauntlet (1/1)
  Slime: Lair:4-5       Orc: D:9-12

Altars:
Ashenzari
Cheibriados
Dithmenos
Elyvilon
Fedhas
Gozag
Hepliaklqana
Kikubaaqudgha
Makhleb
Nemelex Xobeh
Okawaru
Qazlal
Ru
Sif Muna
Trog
Uskayaw
Vehumet
Wu Jian
Xom
Yredelemnul
Zin
The Shining One

Shops:
D:1 =   D:2 *

Annotations:
D:3 3 runed translucent doors, p0werm0de's ghost, amateur PaCK
D:9 exclusion: downstairs
Lair:2 3 runed translucent doors, Volyec's ghost, journeyman MfGl; ponobo's ghost, journeyman MiBe
Lair:3 1 runed translucent door, emiel's ghost, journeyman OgEE
Lair:4 2 transporters, Vufrucs's ghost, journeyman DrTm Gauntlet 5 transporters


Innate Abilities, Weirdness & Mutations

Your life essence is reduced to manifest your ancestor. (-10% HP)
((You are very nimble when in or above water. (Stealth+, EV+, Speed+++)))
Your lower body shifts to a powerful aquatic tail in water.


Message History

* * * LOW HITPOINT WARNING * * *
The fire bat closely misses you. The hell hound misses you.
You hear a bark!
You barely miss the fire bat.
The fire bat is severely wounded.
Your +0 spectral trident hits the fire bat from afar!
You kill the fire bat!
Jimmeh hits the hell hound with a +0 flail!!
The hell hound bites Jimmeh but does no damage.
The hell hound bites you but does no damage.
You hit the hell hog but do no damage.
Your +0 spectral trident hits the hell hog from afar.
The hell hog completely misses you.
Jimmeh closely misses the hell hound.
You puncture the hell hog!
The hell hog is moderately wounded.
Your +0 spectral trident hits the hell hog from afar.
The hell hound bites you.
* * * LOW HITPOINT WARNING * * *
The hell hound barely misses Jimmeh.
The hell hog bites you.
* * * LOW HITPOINT WARNING * * *
You puncture the hell hog!
The hell hog is heavily wounded.
Your +0 spectral trident hits the hell hog from afar.
The hell hound breathes flames at you.
The blast of flame hits Jimmeh!
Jimmeh resists.
The blast of flame hits you!!
* * * LOW HITPOINT WARNING * * *
The blast of flame hits the hell hound.
The hell hound completely resists.
The hell hound misses you.
Jimmeh hits the hell hound with a +0 flail!
The hell hound dies!
You swap places.
The fire bat closely misses you.
The hell hog breathes fire at Jimmeh.
The fireball explodes!
The fireball engulfs Jimmeh.
Jimmeh resists.
The fireball engulfs the hell hog.
The hell hog completely resists.
The fireball engulfs the hell hound.
The hell hound completely resists.
The fireball engulfs you!
You die...

#≈≈.#########.≈≈#
##≈....#©..8#.≈##
##..8.#...©#.##
##≈....#©..8#.≈##
#≈≈.#########.≈≈#
##≈.##..#.#.#.≈##
##.#.##h#.##.##
##≈.##.h##b##.≈##
#≈≈.##.#R@#.#.≈≈#
##≈.#.#h§##.#.≈##
##.#.###..##.##
##≈.##.:©[.##.≈##
#≈≈.#########.≈≈#
##≈...........≈##
##...........##
##≈...........≈##
#≈≈≈#≈≈≈#≈≈≈#≈≈≈#


You could see the friendly Jimmeh the knight (idealised), a hell hog
(distracted, catching breath, ally target), 2 hell hounds and a fire bat.

Vanquished Creatures
  Gastronok (Lair:3)
  4 hydras
  2 death yaks (D:10)
  An orc knight (Bailey)
  An oklob plant (Lair:1)
  2 black mambas (Lair:4)
  5 cane toads
  A merfolk siren (Lair:2)
  An unseen horror (D:10)
  A kobold demonologist (D:10)
  A rime drake (Lair:3)
  4 komodo dragons
  An efreet (Gauntlet)
  5 blink frogs (Lair:3)
  4 small abominations (Gauntlet)
  19 yaks
  4 wyverns
  2 fire elementals (Gauntlet)
  3 fire bats (Gauntlet)
  3 basilisks (Lair:3)
  A chaos spawn (Gauntlet)
  2 vampire mosquitoes (D:10)
  A large abomination (Gauntlet)
  4 nagas (Lair:3)
  5 steam dragons
  A hell hound (Gauntlet)
  14 water moccasins
  7 orc warriors
  2 ice beasts (D:5)
  A black bear (D:5)
  2 sky beasts
  2 ogres (D:5)
  3 wolves (Lair:2)
  A phantom (D:3)
  Blork the orc (D:5)
  A necrophage (D:7)
  10 bullfrogs
  2 scorpions
  A gnoll sergeant (D:6)
  9 killer bees
  A jelly (D:6)
  3 howler monkeys
  3 hounds (D:5)
  4 orc priests
  8 orc wizards
  An iguana (D:5)
  A hell rat (D:10)
  2 gnolls
  8 adders
  2 river rats (D:10)
  2 shadow imps (Gauntlet)
  2 white imps
  An ufetubus (D:5)
  3 worms
  39 orcs
  6 endoplasms
  3 goblins
  4 hobgoblins
  11 jackals
  7 kobolds
  5 quokkas
  5 ball pythons
  8 bats
  3 frilled lizards
  7 rats
274 creatures vanquished.

Vanquished Creatures (collateral kills)
  A death yak (D:10)
  A wizard (Gauntlet)
  A deep elf pyromancer (Bailey)
  A merfolk siren (Lair:2)
  A black mamba (Lair:1)
  3 cane toads
  A komodo dragon (Lair:2)
  2 merfolk (Lair:2)
  A large abomination (Gauntlet)
  A shadow (D:10)
  A wraith (D:10)
  3 yaks
  A basilisk (Lair:1)
  A vampire mosquito (D:10)
  A water moccasin (Lair:1)
  A hell hound (Gauntlet)
  A black bear (D:8)
  2 wolves (Lair:2)
  2 centaurs
  A bullfrog (Lair:1)
  A scorpion (D:6)
  2 killer bees
  An orc priest (D:7)
  An iguana (D:6)
  An orc wizard (D:9)
  2 gnolls (D:6)
  3 orcs
  A rat (D:10)
39 creatures vanquished.

Vanquished Creatures (others)
  6 knights
  2 ancestors
  An orc (D:9)
  7 fungi
  21 plants
  4 withered plants (Lair:2)
41 creatures vanquished.

Grand Total: 354 creatures vanquished

Notes
Turn   | Place    | Note
-------+----------+-------------------------------------------
     0 | D:1      | nightchill the Merfolk Fighter began the quest for the Orb.
     0 | D:1      | Reached XP level 1. HP: 18/18 MP: 1/1
   109 | D:1      | Found Exaplug's Jewellery Emporium.
   160 | D:1      | Reached skill level 3 in Polearms
   191 | D:1      | Reached XP level 2. HP: 24/24 MP: 2/2
   684 | D:2      | Reached skill level 4 in Polearms
   684 | D:2      | Reached XP level 3. HP: 30/30 MP: 3/3
   725 | D:2      | Found Domaeps's General Store.
  1256 | D:2      | Found a faded altar of an unknown god.
  1318 | D:2      | Reached XP level 4. HP: 37/37 MP: 4/4
  1622 | D:3      | Found a runed translucent gate.
  1622 | D:3      | Found a runed translucent gate.
  1623 | D:3      | Found a runed translucent gate.
  1626 | D:3      | Noticed p0werm0de's ghost (amateur PaCK)
  1687 | D:3      | Found a glowing silver altar of Zin.
  1816 | D:3      | Reached skill level 5 in Polearms
  2262 | D:3      | Reached XP level 5. HP: 39/43 MP: 5/5
  2482 | D:3      | Noticed a phantom
  2495 | D:3      | Killed a phantom
  2496 | D:3      | Reached skill level 6 in Polearms
  2651 | D:3      | Reached XP level 6. HP: 50/50 MP: 6/6
  3127 | D:4      | Identified the +1 leather armour of Midsummer {Str+3
                  | Stlth+}
  3173 | D:4      | Noticed a sky beast
  3203 | D:4      | Killed a sky beast
  3204 | D:4      | Reached skill level 5 in Fighting
  3204 | D:4      | Reached skill level 7 in Polearms
  3766 | D:5      | Entered Level 5 of the Dungeon
  3766 | D:5      | Found a staircase to the Ecumenical Temple.
  3794 | Temple   | Entered the Ecumenical Temple
  3851 | Temple   | Became a worshipper of Hepliaklqana the Forgotten
  3993 | D:5      | Noticed Blork the orc
  4016 | D:5      | Killed Blork the orc
  4017 | D:5      | Reached skill level 1 in Invocations
  4017 | D:5      | Reached XP level 7. HP: 22/56 MP: 7/7
  4392 | D:5      | Reached skill level 8 in Polearms
  4896 | D:5      | Reached skill level 9 in Polearms
  4900 | D:5      | Reached XP level 8. HP: 58/64 MP: 8/10
  5395 | D:5      | Reached skill level 10 in Polearms
  5633 | D:6      | Reached * piety under Hepliaklqana
  6713 | D:7      | Reached skill level 11 in Polearms
  6713 | D:7      | Reached XP level 9. HP: 64/64 MP: 12/12
  6729 | D:7      | Identified the +2 pair of boots of Ymifum {Harm rPois rN+}
  6767 | D:7      | Reached skill level 5 in Invocations
  6985 | D:7      | Identified the +3 rapier of the Sun {drain, Int+7}
  7199 | D:7      | Found a hide-covered altar of Uskayaw.
  7199 | D:7      | Found an iron altar of Okawaru.
  7365 | D:7      | Reached skill level 12 in Polearms
  7808 | D:9      | Found a flagged portal.
  7870 | Bailey   | Entered a bailey
  7996 | Bailey   | Reached skill level 13 in Polearms
  8046 | Bailey   | Noticed an orc knight
  8066 | Bailey   | Killed an orc knight
  8067 | Bailey   | Reached XP level 10. HP: 33/73 MP: 13/15
  8263 | Bailey   | Found a large runed translucent door.
  8263 | Bailey   | Found a large runed translucent door.
  8265 | Bailey   | Noticed a deep elf pyromancer
  8352 | Bailey   | Killed a deep elf pyromancer
  8375 | Bailey   | Identified the +5 great mace "Qaluguf" {chaos, Str+3}
  8652 | D:8      | Reached ** piety under Hepliaklqana
  8653 | D:8      | Remembered your ancestor Jimmeh as a knight
  8812 | D:8      | Reached skill level 14 in Polearms
  8859 | D:8      | Reached skill level 1 in Dodging
  9987 | D:10     | Entered Level 10 of the Dungeon
 10191 | D:10     | Noticed a death yak
 10195 | D:10     | Noticed a death yak
 10211 | D:10     | Noticed a death yak
 10215 | D:10     | Killed a death yak
 10216 | D:10     | Reached XP level 11. HP: 50/81 MP: 15/17
 10263 | D:10     | Killed a death yak
 10264 | D:10     | Reached skill level 10 in Fighting
 10264 | D:10     | Reached skill level 5 in Dodging
 10264 | D:10     | Reached skill level 5 in Shields
 10401 | D:10     | Found a basalt altar of Yredelemnul.
 10472 | D:10     | Found a staircase to the Lair.
 10776 | D:10     | Reached *** piety under Hepliaklqana
 10793 | D:10     | Killed a death yak
 10905 | Lair:1   | Entered Level 1 of the Lair of Beasts
 11102 | Lair:1   | Noticed an oklob plant
 11111 | Lair:1   | Killed an oklob plant
 11184 | Lair:1   | Noticed a four-headed hydra
 11203 | Lair:1   | Killed a four-headed hydra
 11432 | Lair:1   | Reached XP level 12. HP: 76/90 MP: 19/19
 11515 | Lair:1   | Noticed a seven-headed hydra
 11523 | Lair:1   | Killed a seven-headed hydra
 11535 | Lair:1   | Reached skill level 10 in Invocations
 11584 | Lair:1   | Identified the +2 cloak of Geokus {-Tele rElec rPois rF+}
 12401 | Lair:2   | Found a staircase to the Shoals.
 12823 | Lair:2   | Got Biapaigg's Discursus on the Figure and Blasting
 12840 | Lair:2   | Noticed a six-headed hydra
 12848 | Lair:2   | Killed a six-headed hydra
 12890 | Lair:2   | Reached **** piety under Hepliaklqana
 12984 | Lair:2   | Found a runed translucent gate.
 12984 | Lair:2   | Found a runed translucent gate.
 12985 | Lair:2   | Found a runed translucent gate.
 12987 | Lair:2   | Noticed ponobo's ghost (journeyman MiBe)
 12987 | Lair:2   | Noticed Volyec's ghost (journeyman MfGl)
 13360 | Lair:3   | Noticed Gastronok
 13382 | Lair:3   | Killed Gastronok
 13549 | Lair:3   | Found a runed translucent door.
 13549 | Lair:3   | Noticed emiel's ghost (journeyman OgEE)
 13657 | Lair:3   | Noticed a four-headed hydra
 13666 | Lair:3   | Killed a four-headed hydra
 13667 | Lair:3   | Reached XP level 13. HP: 97/97 MP: 20/20
 13986 | Lair:3   | Reached skill level 5 in Armour
 13994 | Lair:3   | Found a staircase to the Snake Pit.
 14198 | Lair:3   | Reached skill level 10 in Dodging
 14598 | Lair:4   | Found a transporter.
 14620 | Lair:4   | Noticed Vufrucs's ghost (journeyman DrTm)
 14632 | Lair:4   | Found a transporter.
 14702 | Lair:4   | Found a gate leading to a gauntlet.
 14711 | Gauntlet | Entered a Gauntlet
 14711 | Gauntlet | Found a transporter.
 14721 | Gauntlet | Found a transporter.
 14721 | Gauntlet | Found a transporter.
 14722 | Gauntlet | Found a transporter.
 14730 | Gauntlet | Found a transporter.
 14733 | Gauntlet | Found a transporter.
 14735 | Gauntlet | Found a transporter.
 14736 | Gauntlet | Reached ***** piety under Hepliaklqana
 14745 | Gauntlet | Found a transporter.
 14745 | Gauntlet | Found a transporter.
 14746 | Gauntlet | Found a transporter.
 14754 | Gauntlet | Found a transporter.
 14757 | Gauntlet | Found a transporter.
 14758 | Gauntlet | Found a transporter.
 14767 | Gauntlet | Found a transporter.
 15049 | Gauntlet | Identified the +6 barding "Buzunuuqa" {rF- rCorr Int+2}
 15127 | Gauntlet | Killed from afar by a hell hog

Illustrated notes

Levels and vault maps discovered:
D:1:      onia_arrival_pentagram, layout_loops_ring, serial_shops,
          nicolae_shop_behind_doors, chequers_decorated_corner
D:2:      layout_rooms, shapermc_ecumenical_altar_hornbeckon, serial_shops,
          shop_coins
D:3:      minmay_diamond_boxcup, layout_basic, mainiacjoe_overflow_24_doors,
          gammafunk_ghost_necromancy
D:4:      layout_basic, serial_glass, glass_columns_a, glass_columns_c
D:5:      minmay_razor_zed, layout_basic, minmay_temple_entry_gardened_gates,
          uniq_blork_the_orc
D:6:      layout_basic
D:7:      layout_basic, gammafunk_temple_overflow_statue
D:8:      layout_basic, serial_glass, glass_columns_a, glass_columns_a,
          item_on_display_b, item_on_display_b
D:9:      layout_roguey, enter_bailey_8, hangedman_decor_peaks_small
D:10:     layout_basic, mainiacjoe_overflow_catwalk, dpeg_lair_monsters,
          lemuel_flame_loot_1
Temple:   compressed_dpeg_circular_temple
Lair:1:   minmay_lair_oklob_chamber, layout_gridlike, infiniplex_staircase_pool,
          grunt_megastairs_3, serial_bayou_shore_b
Lair:2:   layout_roguey, elwin_shoals_entry_stream, gammafunk_ghost_cemetery
Lair:3:   layout_cave_pods, minmay_snake_entry_guardpost_small,
          hellmonk_ghost_happy_afterlife, uniq_gastronok
Lair:4:   layout_cave_pods, gammafunk_ghost_berserking_beasts,
          gauntlet_entry_generic, serial_bayou_shore_a, grunt_megastairs_5,
          serial_bayou_shore_b
Gauntlet: gammafunk_gauntlet_77_escape_option
          [minmay_gauntlet_arena_77_chump_sandwich,
          minmay_gauntlet_arena_77_p_blocks, minmay_gauntlet_arena_77_box,
          minmay_gauntlet_arena_77_mirror, minmay_gauntlet_arena_77_mess,
          gauntlet_exit_green]

Skill      XL: |  1  2  3  4  5  6  7  8  9 10 11 12 13 |
---------------+----------------------------------------+-----
Polearms       | 3 4 5 6 7 9 11 13 14 | 14.0
Fighting       | 4 5 6 7 8 9 11 12 | 12.4
Invocations    | 1 2 4 6 8 9 10 | 10.0
Dodging        | 4 7 9 10 | 10.3
Shields        | 4 6 9 |  9.8
Armour         | 4 5 |  5.6

Action                   |  1- 3 |  4- 6 |  7- 9 | 10-12 | 13-15 || total
-------------------------+-------+-------+-------+-------+-------++-------
Melee: Trident           |    89 |   175 |   290 |   396 |   110 ||  1060
Throw: Throwing net      |       |       |       |     1 |       ||     1
Invok: Ancestor Identity |       |       |     1 |       |       ||     1
       Recall Ancestor   |       |       |     1 |       |       ||     1
       Ancestor Life: Kn |       |       |       |     1 |       ||     1
       Idealise          |       |       |       |       |     3 ||     3
Evoke: Wand              |       |       |     3 |       |       ||     3
  Use: Potion            |       |       |     1 |       |       ||     1
       Scroll            |       |       |     5 |     3 |     5 ||    13
 Stab: Paralysed         |       |       |     4 |       |       ||     4
       Held in net/web   |       |       |       |     1 |       ||     1
       Distracted        |       |       |       |     5 |     2 ||     7
Armor: Ring mail         |    36 |    46 |    53 |       |       ||   135
       Scale mail        |     1 |       |       |       |       ||     1
       Plate armour      |       |       |       |    53 |    30 ||    83
Dodge: Dodged            |    39 |    59 |    79 |    78 |    30 ||   285
Block: Buckler           |    13 |    26 |    39 |       |       ||    78
       Orb               |       |       |       |     3 |       ||     3
